 Dungeon Crawl Stone Soup version 0.18.1-5-g4a78601 (webtiles) character file.

252 TheHangedMan the Conjurer (level 5, 0/31 HPs)
             Began as a High Elf Wizard on May 11, 2016.
             Was an Initiate of Sif Muna.
             Slain by a hound (1 damage)
             ... on level 4 of the Dungeon.
             The game lasted 00:16:21 (3855 turns).

TheHangedMan the Conjurer (High Elf Wizard)         Turns: 3855, Time: 00:16:22

Health: 0/31       AC:  3    Str:  6    XL:     5   Next: 89%
Magic:  0/11       EV: 12    Int: 23    God:    Sif Muna [......]
Gold:   139        SH:  0    Dex: 13    Spells: 5 memorised, 0 levels left

rFire  . . .     SeeInvis .     b - -2 short sword (curse)
rCold  . . .     Gourm    .     a - +0 robe
rNeg   . . .     Faith    .     (no shield)
rPois  .         Spirit   .     u - +0 helmet
rElec  .         Dismiss  .     (no cloak)
rCorr  .         Reflect  .     (no gloves)
SustAt .         Harm     .     (no boots)
MR     .....                    m - amulet of magic regeneration
Stlth  ++........               (no ring)
                                (no ring)

@: very slightly contaminated, repel missiles, not resistant to hostile
enchantments, unstealthy
A: no striking features
a: Renounce Religion


You were on level 4 of the Dungeon.
You worshipped Sif Muna.
Sif Muna was noncommittal.
You were not hungry.

You visited 1 branch of the dungeon, and saw 4 of its levels.

You collected 139 gold pieces.

Inventory:

Hand Weapons
 b - a cursed -2 short sword (weapon)
 q - a +0 dagger of venom
Armour
 a - a +0 robe (worn)
 u - a +0 helmet (worn)
Jewellery
 m - an amulet of magic regeneration (around neck)
Scrolls
 e - 3 scrolls of noise {unknown}
 f - a scroll of magic mapping {unknown}
 g - a scroll of fear {unknown}
 h - 2 scrolls of remove curse {unknown}
 j - a scroll of identify {unknown}
 t - 3 scrolls of teleportation {unknown}
Potions
 i - a potion of degeneration {unknown}
 k - a potion of curing
 n - a potion of lignification {unknown}
 s - a potion of magic {unknown}
Books
 c - a book of Minor Magic

   Spells                             Type                      Level
   a - Magic Dart                     Conjuration                  1
   b - Blink                          Translocation                2
   c - Call Imp                       Summoning                    2
   d - Repel Missiles                 Charms/Air                   2
   e - Slow                           Hexes                        2
   f - Conjure Flame                  Conjuration/Fire             3
   g - Mephitic Cloud                 Conjuration/Poison/Air       3
Comestibles
 d - 2 bread rations
 l - a meat ration
 o - a slice of pizza
 r - 8 chunks of flesh


   Skills:
 - Level 2.1 Dodging
 - Level 2.1 Stealth
 - Level 3.6 Spellcasting
 + Level 6.5 Conjurations
   Level 0.8 Summonings
 - Level 1.1 Translocations


You couldn't memorise any spells.
You knew the following spells:

 Your Spells              Type           Power        Failure   Level  Hunger
a - Magic Dart            Conj           ####         1%          1    None
b - Blink                 Tloc           N/A          12%         2    #......
c - Conjure Flame         Conj/Fire      ###.....     10%         3    ###....
d - Mephitic Cloud        Conj/Pois/Air  ##......     14%         3    ###....
e - Repel Missiles        Chrm/Air       #.....       21%         2    #......


Dungeon Overview and Level Annotations

Branches:
Dungeon (4/15)
 Temple: D:4-7

Altars:
Qazlal
Sif Muna
Xom


Message History

The magic dart hits the hound.
The hound is severely wounded.
The hound bites you.
* * * LOW HITPOINT WARNING * * *
The hound barely misses you.
You hit the hound but do no damage.
The hound is severely wounded.
The hound bites you.
* * * LOW HITPOINT WARNING * * *
Casting: Magic Dart
Confirm with . or Enter, or press ? or * to list all spells.
Aiming: Magic Dart
Press: ? - help, Shift-Dir - straight line, f/p - hound
Aim: a hound (severely wounded)
The magic dart hits the hound.
The hound is almost dead.
The hound bites you.
* * * LOW HITPOINT WARNING * * *
The hound bites you.
You die...

############## #######
#............. #.....#
#......(.....#
#$....#############..........###
##..§..........................?.
Sa.§W...........@h..........<.##.
.#§.§...[###############..#####
.#.a...#..## #..## .#.....##..#
.## .#.....###.##### ..
##########...?.### ..
#......#.....# # #.####........ #
#.####........


You could see a hound.

Vanquished Creatures
  2 orc priests
  A worker ant (D:4)
  Robin (D:3)
  5 adders
  2 oozes
  A worm (D:3)
  17 orcs
  7 bats
  5 giant cockroaches
  12 goblins
  7 hobgoblins
  8 jackals
  2 quokkas (D:3)
  A ball python (D:1)
  2 giant newts
  4 kobolds
  4 rats
81 creatures vanquished.

Vanquished Creatures (collateral kills)
  A goblin (D:3)
1 creature vanquished.

Grand Total: 82 creatures vanquished

Notes
Turn   | Place    | Note
--------------------------------------------------------------
     0 | D:1      | TheHangedMan the High Elf Wizard began the quest for the Orb.
     0 | D:1      | Reached XP level 1. HP: 11/11 MP: 6/6
   219 | D:1      | Reached skill level 2 in Conjurations
   320 | D:1      | Reached XP level 2. HP: 17/17 MP: 3/7
  1165 | D:1      | Reached skill level 3 in Conjurations
  1323 | D:2      | Reached XP level 3. HP: 9/21 MP: 5/9
  1327 | D:2      | Learned a level 2 spell: Blink
  1331 | D:2      | Learned a level 3 spell: Conjure Flame
  1335 | D:2      | Learned a level 3 spell: Mephitic Cloud
  1527 | D:2      | Reached skill level 4 in Conjurations
  2064 | D:2      | Reached XP level 4. HP: 27/27 MP: 6/10
  2127 | D:2      | Found a deep blue altar of Sif Muna.
  2128 | D:2      | Found a shimmering altar of Xom.
  2130 | D:2      | Found a stormy altar of Qazlal.
  2135 | D:2      | Became a worshipper of Sif Muna the Loreminder
  2476 | D:3      | Noticed Robin
  2782 | D:3      | Found a shimmering altar of Xom.
  2842 | D:3      | Killed Robin
  2842 | D:3      | Reached skill level 5 in Conjurations
  2903 | D:3      | Reached XP level 5. HP: 17/31 MP: 8/11
  3042 | D:3      | Learned a level 2 spell: Repel Missiles
  3482 | D:4      | Noticed a phantom
  3631 | D:4      | Reached skill level 6 in Conjurations
  3847 | D:4      | HP: 1/31 [hound (5)]
  3855 | D:4      | HP: 1/31 [hound (1)]
  3855 | D:4      | Slain by a hound

Skill      XL: |  1  2  3  4  5 |
---------------+----------------+-----
Conjurations   | 2 3 4 5 6 |  6.5
Dodging        | |  2.1
Stealth        | |  2.1
Spellcasting   | |  3.6
Summonings     | |  0.8
Translocations | |  1.1

Action                   |  1- 3 |  4- 6 || total
-------------------------+-------+-------++-------
Melee: Unarmed           |     7 |       ||     7
       Dagger            |       |    12 ||    12
       Trident           |       |     6 ||     6
       Short sword       |       |     6 ||     6
 Cast: Magic Dart        |    74 |   126 ||   200
       Blink             |       |    10 ||    10
       Mephitic Cloud    |       |     5 ||     5
       Conjure Flame     |       |     2 ||     2
       Repel Missiles    |       |     1 ||     1
  Use: Potion            |       |     2 ||     2
       Scroll            |       |     1 ||     1
 Stab: Sleeping          |     1 |       ||     1
       Confused          |       |     2 ||     2
  Eat: Chunk             |     2 |     3 ||     5
       Bread ration      |       |     1 ||     1
Armor: Robe              |    15 |    13 ||    28
Dodge: Dodged            |    40 |    50 ||    90
